Map: Pillars of Gold LE

Players

leonwiki - Winner!

  • Race: Terran Terran
  • League: Diamond
  • Spawn Location: 7:00

MarcoMan

  • Race: Terran Terran
  • League: Master
  • Spawn Location: 1:00

VOD

Have the link to the VOD?

Description

Time

  • Played on: Jan. 18, 2021, 10:01 p.m.
  • Length: 15:30
Show
View Real Time Build Order
Export as new Build Order

leonwiki Terran - Winner!

Build Orders:  

Get SALT Encoding   

  12  0:03  SCV  
  13  0:17  Supply Depot  
  13  0:19  SCV  
  14  0:31  SCV  
  15  0:40  Barracks  
  15  0:46  Refinery  
  15  0:47  SCV  
  16  0:59  SCV  
  17  1:11  SCV  
  18  1:23  SCV  
  19  1:30  Reaper  
  20  1:35  SCV  
  21  1:44  Command Center  
  21  1:53  Orbital Command  
  21  2:04  Supply Depot  
  21  2:06  Marine  
  22  2:16  Factory  
  22  2:24  Refinery  
  22  2:25  SCV  
  23  2:32  Marine  
  24  2:48  SCV  
  24  2:50  Marine  
  25  2:55  Orbital Command  
  25  3:00  Factory Tech Lab  
  25  3:01  Starport  
  25  3:08  SCV  
  25  3:10  Marine  
  27  3:13  Barracks  
  27  3:20  SCV  
  27  3:25  Siege Tank  
  31  3:36  SCV  
  31  3:38  Supply Depot  
  31  3:40  Orbital Command  
  32  3:47  Marine  
  31  3:54  Medivac  
  31  4:00  Command Center  
  31  4:05  Barracks Tech Lab  
  31  4:10  Engineering Bay  
  31  4:17  Barracks  
  31  4:24  Stimpack  
  31  4:27  Supply Depot  
  31  4:28  Barracks Reactor  
  31  4:29  Marine  
  32  4:32  SCV x2  
  34  4:41  Siege Tank  
  34  4:43  Starport Reactor  
  37  4:49  Missile Turret, SCV  
  37  4:50  SCV  
  39  5:01  Sensor Tower, SCV  
  39  5:02  SCV  
  39  5:05  Marine  
  39  5:06  Marine  
  44  5:09  Barracks Reactor  
  44  5:13  Supply Depot  
  43  5:18  Orbital Command  
  43  5:24  Marine x3  
  46  5:32  Missile Turret  
  46  5:39  Missile Turret  
  46  5:40  SCV x2  
  46  5:42  Reaper, Marine x2  
  50  5:48  Viking  
  53  5:50  Marine x2  
  53  5:56  Supply Depot  
  55  6:02  Viking  
  55  6:03  SCV x2  
  59  6:15  Siege Tank, SCV x2  
  64  6:21  Supply Depot  
  64  6:23  Engineering Bay  
  64  6:24  SCV  
  65  6:27  SCV x2  
  65  6:29  Refinery  
  67  6:34  Refinery  
  67  6:35  Missile Turret  
  67  6:39  Viking  
  69  6:45  Barracks  
  66  7:12  SCV  
  66  7:13  SCV x2  
  66  7:15  Viking  
  71  7:25  SCV x2  
  71  7:28  SCV  
  74  7:32  Marine x5  
  80  7:37  SCV x2  
  80  7:43  Orbital Command  
  80  7:47  Viking  
  80  7:48  Viking  
  80  7:51  Barracks Tech Lab  
  84  7:52  Barracks  
  84  8:04  Sensor Tower  
  85  8:05  SCV x2  
  85  8:11  Combat Shield  
  86  8:14  Marine x4  
  86  8:15  Marauder  
  86  8:16  SCV  
  86  8:17  SCV x2  
  86  8:19  Concussive Shells  
  95  8:23  Siege Tank  
  95  8:26  Armory  
  98  8:32  SCV x2, Marine  
  101  8:37  Supply Depot  
  101  8:43  Barracks Tech Lab  
  101  8:46  Supply Depot  
  101  8:47  Terran Infantry Weapons Level 1  
  101  8:49  Terran Infantry Armor Level 1  
  101  8:57  Missile Turret  
  101  8:58  Refinery  
  101  8:59  Marauder, SCV x2  
  101  9:00  Siege Tank, Refinery  
  108  9:08  Viking  
  108  9:09  Factory, SCV  
  111  9:13  Starport  
  111  9:14  Marine x3  
  111  9:15  Marauder, Marine  
  117  9:25  Supply Depot  
  117  9:30  Supply Depot  
  117  9:35  Supply Depot  
  117  9:38  Terran Vehicle Weapons Level 1  
  117  9:39  Fusion Core  
  117  9:47  Marauder, SCV x2, Marine x4  
  117  9:51  Siege Tank, SCV, Viking x2  
  133  9:59  SCV x2  
  135  10:03  SCV  
  135  10:06  Marine x3  
  141  10:07  Marauder  
  141  10:13  Supply Depot  
  141  10:14  Supply Depot x2  
  141  10:16  Starport Reactor  
  141  10:18  Factory Tech Lab  
  141  10:22  Starport, Armory  
  141  10:34  Marine  
  141  10:35  Medivac, Marauder, SCV, Marine  
  148  10:44  Viking  
  148  10:46  Siege Tank  
  148  10:47  Siege Tank  
  154  11:05  Viking  
  154  11:09  Viking x2  
  160  11:14  Viking  
  158  11:35  Viking  
  158  11:37  Command Center, Terran Infantry Weapons Level 2  
  158  11:38  Terran Infantry Armor Level 2  
  158  11:39  Viking x2  
  164  11:41  Advanced Ballistics  
  164  11:43  Starport Reactor, Refinery  
  164  11:45  Refinery  
  161  12:00  Viking  
  163  12:11  Viking  
  165  12:20  Supply Depot  
  165  12:21  Supply Depot  
  165  12:26  Missile Turret  
  165  12:41  Supply Depot x2  
  165  12:42  Supply Depot x2, Viking, Marine  
  165  12:43  Supply Depot x2  
  168  12:48  Missile Turret  
  168  12:51  Planetary Fortress  
  168  12:53  Missile Turret  
  168  12:55  Viking  
  170  12:59  Liberator  
  173  13:07  Viking  
  175  13:14  Missile Turret  
  170  13:23  Siege Tank  
  170  13:26  Command Center  
  173  13:32  Viking  
  173  13:33  Viking  
  177  13:45  Viking x3  
  183  14:02  Siege Tank x2  
  189  14:17  Sensor Tower  
  189  14:21  Missile Turret  
  189  14:35  Viking x2  
  193  14:41  Command Center  
  193  14:42  Missile Turret  
  193  14:45  Refinery, Viking  
  193  14:49  Missile Turret  
  193  14:51  Missile Turret  
  174  15:10  Marine x2  
  174  15:11  Refinery  
Show
View Real Time Build Order
Export as new Build Order

MarcoMan Terran 

Build Orders: 2 Factory, Gas First Reaper Expand 

Get SALT Encoding   

  12  0:01  SCV  
  13  0:13  SCV  
  14  0:19  Supply Depot  
  14  0:26  Refinery  
  14  0:28  SCV  
  15  0:41  SCV  
  16  0:47  Barracks  
  16  0:53  SCV  
  17  1:05  SCV  
  18  1:17  SCV  
  19  1:36  Reaper  
  20  1:40  Command Center  
  20  1:53  Factory  
  20  2:08  Reaper  
  20  2:11  Supply Depot  
  20  2:15  Orbital Command  
  21  2:26  Refinery  
  21  2:47  Barracks Tech Lab, Hellion  
  23  2:55  Orbital Command  
  23  3:17  Cyclone  
  23  3:19  SCV  
  27  3:26  Barracks Tech Lab  
  27  3:28  Factory  
  27  3:30  SCV  
  27  3:31  SCV  
  29  3:43  SCV  
  30  3:52  SCV  
  30  4:01  SCV  
  30  4:02  Siege Tank  
  33  4:07  Refinery  
  33  4:09  SCV  
  34  4:13  SCV  
  34  4:14  Barracks Reactor  
  35  4:21  SCV  
  36  4:25  Starport, SCV  
  37  4:33  SCV  
  37  4:37  SCV  
  39  4:42  Siege Tank  
  39  4:45  SCV  
  43  4:49  SCV  
  43  4:52  Supply Depot  
  44  4:54  Supply Depot  
  44  4:57  SCV  
  44  4:58  Engineering Bay  
  45  5:01  SCV  
  46  5:13  Liberator x2, SCV x2  
  54  5:17  Refinery  
  54  5:24  Supply Depot  
  54  5:25  SCV x2  
  56  5:34  Missile Turret  
  56  5:37  SCV  
  56  5:38  SCV  
  58  5:43  Command Center  
  59  5:50  SCV x2  
  59  5:56  Missile Turret  
  60  6:02  SCV x2  
  60  6:03  Siege Tank x2  
  68  6:07  Supply Depot  
  68  6:09  Supply Depot  
  68  6:14  SCV x2  
  70  6:21  Missile Turret  
  70  6:29  SCV x2, Viking  
  70  6:31  Supply Depot  
  74  6:38  Missile Turret  
  74  6:41  SCV x2  
  76  6:53  SCV x2  
  75  6:56  Orbital Command, Siege Tank x2  
  75  6:59  Missile Turret  
  81  7:05  SCV x2  
  81  7:06  Viking x2  
  87  7:12  Missile Turret  
  87  7:17  SCV x2  
  89  7:28  Siege Tank  
  89  7:29  SCV x2  
  94  7:36  Viking x2  
  98  7:47  Siege Tank  
  101  7:53  Supply Depot  
  101  7:59  SCV x2  
  103  8:05  Viking  
  103  8:06  Viking  
  103  8:11  SCV  
  108  8:15  Sensor Tower  
  108  8:17  Supply Depot, Orbital Command  
  108  8:30  Siege Tank x2  
  114  8:35  Viking  
  114  8:38  Missile Turret  
  114  8:39  Viking  
  118  8:41  Supply Depot x2  
  118  8:47  Armory  
  118  8:48  Armory  
  118  8:51  Armory  
  118  8:55  Refinery  
  118  8:59  Missile Turret, Refinery  
  118  9:06  Command Center  
  118  9:07  Viking  
  120  9:16  Supply Depot  
  120  9:19  Missile Turret  
  120  9:22  Viking  
  122  9:25  SCV  
  122  9:26  SCV x2  
  125  9:31  Missile Turret  
  125  9:37  SCV, Viking  
  125  9:38  Missile Turret, SCV x2  
  130  9:47  Sensor Tower  
  130  9:50  SCV  
  131  9:56  Terran Vehicle Weapons Level 1  
  131  9:57  Terran Ship Weapons Level 1, Terran Vehicle And Ship Armor Level 1  
  131  9:59  Missile Turret  
  131  10:19  Missile Turret, Refinery  
  131  10:23  Siege Tank x2  
  131  10:26  Viking x2  
  141  10:31  Refinery  
  139  10:48  Sensor Tower  
  139  10:55  Siege Tank  
  139  10:56  Siege Tank, Viking  
  145  11:12  Viking  
  144  11:27  Liberator  
  147  11:36  Starport  
  147  11:39  Starport  
  147  11:42  Liberator, Orbital Command  
  150  11:47  Supply Depot  
  150  11:49  Supply Depot  
  147  12:00  Refinery  
  147  12:09  Refinery  
  147  12:17  Starport Tech Lab  
  147  12:18  Starport Tech Lab  
  147  12:20  Terran Vehicle And Ship Armor Level 2, Terran Vehicle Weapons Level 2, Fusion Core  
  147  12:21  Terran Ship Weapons Level 2  
  150  12:22  Siege Tank  
  150  12:23  Siege Tank  
  150  12:27  Command Center  
  153  12:49  Supply Depot  
  153  13:15  Missile Turret  
  153  13:17  Missile Turret  
  153  13:18  Missile Turret x2  
  153  13:25  Battlecruiser x2  
  162  13:39  Weapon Refit  
  162  13:51  Starport  
  162  13:55  Planetary Fortress  
  162  14:22  Sensor Tower  
  174  14:35  Starport Tech Lab  
Tags
 
Add a new tag
Caveats
  • Supply blocks, unpowered buildings, or Contaminate may cause inaccurate times.
  • Supply counts are checked every 10 seconds.